 Dungeon Crawl Stone Soup version 0.22-a0-565-gfc6459a (webtiles) character file.

662 Hebeh the Chopper (level 7, -3/61 HPs)
             Began as a Minotaur Fighter on June 28, 2018.
             Slain by a bullfrog zombie (5 damage)
             ... on level 4 of the Dungeon.
             The game lasted 00:08:48 (3560 turns).

Hebeh the Chopper (Minotaur Fighter)                Turns: 3560, Time: 00:08:49

Health: -3/61      AC:  6    Str: 22    XL:     7   Next: 30%
Magic:  6/6        EV:  8    Int:  5    God:
Gold:   258        SH: 10    Dex: 10    Spells: 6/6 levels left

rFire    . . .     SeeInvis .   a - +0 war axe
rCold    . . .     Gourm    .   c - +0 shield
rNeg     . . .     Faith    .   n - +0 ring mail {MR+}
rPois    .         Spirit   .   (helmet restricted)
rElec    .         Reflect  .   (no cloak)
rCorr    .         Harm     .   (no gloves)
MR       +....                  (no boots)
Stlth    ..........             (no amulet)
HPRegen  0.20/turn              (no ring)
MPRegen  0.10/turn              (no ring)

@: lethally poisoned (-3 -> -11)
A: retaliatory headbutt, horns 2
a: no special abilities


You were on level 4 of the Dungeon.
You were not hungry.

You visited 1 branch of the dungeon, and saw 5 of its levels.

You collected 258 gold pieces.

Inventory:

Hand Weapons
 a - a +0 war axe (weapon)
Armour
 c - a +0 shield (worn)
 n - a +0 ring mail of magic resistance (worn)
Wands
 u - a wand of clouds (9)
 w - a wand of flame (21)
 y - a wand of digging (11)
Scrolls
 e - a scroll of enchant weapon {unknown}
 g - a scroll of fear {unknown}
 h - 5 scrolls of identify {unknown}
 i - 2 scrolls of remove curse {unknown}
 k - a scroll of magic mapping {unknown}
 m - a scroll of amnesia {unknown}
 o - 2 scrolls of blinking {unknown}
 r - a scroll of teleportation {unknown}
 t - a scroll of immolation {unknown}
Potions
 d - 2 potions of might
 j - 2 potions of curing
 l - 2 potions of cancellation
 p - a potion of resistance
 q - 3 potions of lignification {unknown}
 s - a potion of agility {unknown}
 v - a potion of degeneration {unknown}
 x - 2 potions of magic {unknown}
 A - a potion of brilliance {unknown}
Comestibles
 f - 8 rations


   Skills:
 + Level 5.6 Fighting
 * Level 6.4 Axes
 + Level 5.6 Armour
 + Level 5.6 Shields


You had 6 spell levels left.
You didn't know any spells.
Your spell library contained the following spells:

 Spells                   Type           Power        Failure   Level  Hunger
 Throw Frost              Conj/Ice       #.....       99%         2    ###....
 Freeze                   Ice            #...         95%         1    ##.....
 Summon Ice Beast         Ice/Summ       #.......     100%        4    #####..
 Ozocubu's Armour         Chrm/Ice       #.......     100%        3    ####...
 Throw Icicle             Conj/Ice       #.......     100%        4    #####..


Dungeon Overview and Level Annotations

Branches:
Dungeon (5/15)
 Temple: D:4-7

Altars:
Vehumet
Zin


Innate Abilities, Weirdness & Mutations

You reflexively headbutt those who attack you in melee.
You have a pair of horns on your head.


Message History

The jackal completely misses you. The bullfrog zombie hits you.
* * * LOW HITPOINT WARNING * * *
You block Dowan's attack.
A jackal comes into view.
The jackal barks!
You hit Dowan but do no damage. You headbutt Dowan.
Dowan is severely wounded.
You hit the bullfrog zombie. You hit the jackal.
You feel sick. You block the jackal's attack. Dowan casts a spell at you.
The stone arrow hits you!
* * * LOW HITPOINT WARNING * * *
The bullfrog zombie misses you. The jackal closely misses you.
You block Dowan's attack.
You slash Dowan!
You kill Dowan!
You slash the bullfrog zombie! You closely miss the jackal.
* * * LOW HITPOINT WARNING * * *
You feel sick. The bullfrog zombie hits you.
You die...

#### .h.
##h#.#
#@Z..#
#.)..#
#........
#........
#........
#........
##.#.#+##
>...


You could see a bullfrog zombie and 2 jackals.

Vanquished Creatures
  Duvessa (D:4)
  A sky beast (D:3)
  Dowan (D:4)
  A howler monkey (D:4)
  A centaur zombie (D:4)
  2 orc wizards
  A jelly (D:5)
  An iguana (D:4)
  Ijyb (D:5)
  A worker ant (D:5)
  A hound zombie (D:4)
  A hound skeleton (D:4)
  A gnoll (D:1)
  3 adders
  An ooze (D:2)
  An adder skeleton (D:4)
  2 worms (D:2)
  2 dart slugs (D:1)
  4 leopard geckos
  14 orcs
  7 bats
  3 giant cockroaches
  4 goblins
  5 hobgoblins
  6 jackals
  6 kobolds
  4 quokkas
  3 ball pythons
  5 frilled lizards
  2 giant cockroach zombies (D:4)
  2 jackal zombies (D:4)
  2 leopard gecko zombies (D:4)
  4 rats
94 creatures vanquished.

Vanquished Creatures (others)
  A withered plant (D:4)
1 creature vanquished.

Grand Total: 95 creatures vanquished

Notes
Turn   | Place    | Note
-------+----------+-------------------------------------------
     0 | D:1      | Hebeh the Minotaur Fighter began the quest for the Orb.
     0 | D:1      | Reached XP level 1. HP: 19/19 MP: 0/0
   179 | D:1      | Reached XP level 2. HP: 27/27 MP: 1/1
   226 | D:1      | Reached skill level 3 in Axes
   366 | D:1      | Reached XP level 3. HP: 33/33 MP: 2/2
  1059 | D:2      | Reached XP level 4. HP: 3/40 MP: 3/3
  1061 | D:2      | HP: 2/40 [poisoned by an adder]
  1778 | D:2      | Reached skill level 4 in Axes
  1989 | D:3      | Noticed a sky beast
  2001 | D:3      | Killed a sky beast
  2001 | D:3      | Reached XP level 5. HP: 20/47 MP: 4/4
  2307 | D:3      | You fall through a shaft for 2 floors!
  2307 | D:5      | Entered Level 5 of the Dungeon
  2367 | D:5      | Noticed Ijyb
  2387 | D:5      | Killed Ijyb
  2387 | D:5      | Reached skill level 5 in Axes
  2512 | D:5      | Reached XP level 6. HP: 51/55 MP: 5/5
  2576 | D:4      | Reached skill level 5 in Shields
  2590 | D:4      | Reached skill level 5 in Fighting
  2590 | D:4      | Reached skill level 5 in Armour
  3220 | D:3      | Found a glowing silver altar of Zin.
  3281 | D:3      | Found a radiant altar of Vehumet.
  3540 | D:4      | Noticed Duvessa
  3540 | D:4      | Noticed Dowan
  3548 | D:4      | Reached skill level 6 in Axes
  3553 | D:4      | Killed Duvessa
  3553 | D:4      | Reached XP level 7. HP: 37/61 MP: 6/6
  3559 | D:4      | HP: 3/61 [Dowan/stone arrow (9)]
  3560 | D:4      | Killed Dowan
  3560 | D:4      | Slain by a bullfrog zombie

Vault maps used:
D:1:      roderic_lyre, minivault_25, minmay_bisected
D:3:      overflow_temple_1_default, lemuel_coloured_pillars_altar,
          minmay_item_behind_shaft
D:4:      serial_undead, serial_undead_f, serial_undead_b, serial_undead_b,
          serial_undead_b, serial_undead_a, serial_undead_b, serial_undead_f,
          serial_undead_f, uniq_duvessa, uniq_natasha
D:5:      first_ration, minmay_misc_feat_nine_boxes, minmay_misc_feat_alley,
          lexackson_kobold_supper, uniq_ijyb

Skill      XL: |  1  2  3  4  5  6 |
---------------+-------------------+-----
Axes           | 3 4 5 6 |  6.4
Shields        | 4 5 |  5.6
Fighting       | 4 5 |  5.6
Armour         | 4 5 |  5.6

Action                   |  1- 3 |  4- 6 |  7- 9 || total
-------------------------+-------+-------+-------++-------
Melee: War axe           |    77 |   149 |     7 ||   233
       Headbutt          |     7 |    20 |     1 ||    28
  Use: Potion            |       |     2 |       ||     2
  Eat: Chunk             |       |     8 |       ||     8
       Ration            |       |     1 |       ||     1
Armor: Scale mail        |    49 |    24 |       ||    73
       Ring mail         |       |    35 |     4 ||    39
Dodge: Dodged            |    28 |    36 |     4 ||    68
Block: Shield            |    51 |    79 |    11 ||   141

Table legend:
 A = Spawn XP
 B = Non-spawn XP
 C = Spawn XP percentage of total XP
 D = Spawn monster count
 E = Non-spawn monster count
 F = Spawn count percentage of total count
 G = Total turns spent on level
                    A         B        C        D         E        F      G
               +---------+---------+-------+---------+---------+-------+---------
         Total |       0 |     946 |   0.0 |       0 |      94 |   0.0 |  3560
               +---------+---------+-------+---------+---------+-------+---------
           D:1 |       0 |      59 |   0.0 |       0 |      25 |   0.0 |   855
           D:2 |       0 |      73 |   0.0 |       0 |      23 |   0.0 |  1055
           D:3 |       0 |     223 |   0.0 |       0 |      21 |   0.0 |  1022
           D:4 |       0 |     479 |   0.0 |       0 |      21 |   0.0 |   361
           D:5 |       0 |     112 |   0.0 |       0 |       4 |   0.0 |   267
               +---------+---------+-------+---------+---------+-------+---------
